 Dungeon Crawl Stone Soup version 0.22-a0-252-gcace5d2 (webtiles) character file.

1 Amnesiac the Ducker (level 1, -2/11 HPs)
             Began as a Spriggan Fighter on Mar 1, 2018.
             Slain by an adder (3 damage)
             ... on level 2 of the Dungeon.
             The game lasted 00:00:25 (50 turns).

Amnesiac the Ducker (Spriggan Fighter)                Turns: 50, Time: 00:00:26

Health: -2/11      AC:  2    Str: 12    XL:     1   Next: 16%
Magic:  2/2        EV: 19    Int:  9    God:
Gold:   0          SH:  6    Dex: 15    Spells: 0/0 levels left

rFire    . . .     SeeInvis +   a - +0 long sword
rCold    . . .     Gourm    .   c - +0 buckler
rNeg     . . .     Faith    .   b - +0 robe
rPois    .         Spirit   .   (helmet restricted)
rElec    .         Reflect  .   (no cloak)
rCorr    .         Harm     .   (gloves unavailable)
MR       .....                  (boots unavailable)
Stlth    +.........             (no amulet)
HPRegen  0.03/turn              (no ring)
MPRegen  0.08/turn              (no ring)

@: lethally poisoned (-2 -> -8), very quick
A: very small, unfitting armour, see invisible, herbivore, speed 3, slow
metabolism 2
a: no special abilities


You were on level 2 of the Dungeon.
You were not hungry.

You visited 1 branch of the dungeon, and saw 2 of its levels.

Inventory:

Hand Weapons
 a - a +0 long sword (weapon)
Missiles
 e - 7 poisoned needles
Armour
 b - a +0 robe (worn)
 c - a +0 buckler (worn)
Potions
 d - a potion of might {!q}
Comestibles
 f - a ration


   Skills:
 + Level 2.4 Fighting
 - Level 1.5 Long Blades
 - Level 4.5 Dodging
 - Level 2.1 Shields


You couldn't memorise any spells.
You didn't know any spells.

Dungeon Overview and Level Annotations

Branches:
Dungeon (2/15)

Altars:


Innate Abilities, Weirdness & Mutations

You are very small and have problems with some larger weapons.
You are too small for most types of armour.
You have supernaturally acute eyesight. (SInv)
You are a herbivore.
You cover ground extremely quickly.
You need consume almost no food.


Message History

Welcome, Amnesiac the Spriggan Fighter.
It is said that the Orb of Zot exists deep within this dungeon.
Press ? for a list of commands and other information.
Found a staircase leading out of the dungeon.
e - 7 poisoned needles
Found a leather armour.
A hobgoblin comes into view.
The hobgoblin shouts!
Found a stone staircase leading down.
You slash the hobgoblin!
You kill the hobgoblin!
No target in view!
No target in view!
There is a stone staircase leading down here.
You climb downwards.
An adder and a giant cockroach come into view.
The adder hisses angrily.
Found 22 stones.
There is a stone staircase leading up here.
Found a leather armour.
The adder bites you.
Found 10 gold pieces.
The giant cockroach completely misses you.
The adder closely misses you.
The giant cockroach completely misses you.
The adder misses you.
You closely miss the adder. You block the adder's attack. The adder bites you.
* * * LOW HITPOINT WARNING * * *
You hit the adder.
The adder is moderately wounded.
The adder bites you.
* * * LOW HITPOINT WARNING * * *
You are lethally poisoned!
The adder poisons you! The adder barely misses you.
You riposte.
Your shield prevents you from hitting the adder.
The adder is moderately wounded.
You are too injured to fight recklessly!
You are too injured to fight recklessly!
Okay, then.
You closely miss the adder.
The adder is moderately wounded.
* * * LOW HITPOINT WARNING * * *
You feel sick. The adder completely misses you.
You closely miss the adder.
The adder is moderately wounded.
The adder completely misses you. You block the adder's attack.
You closely miss the adder.
The adder is moderately wounded.
* * * LOW HITPOINT WARNING * * *
You feel sick. The adder barely misses you. You block the adder's attack.
You hit the adder.
The adder is severely wounded.
The adder bites you.
You die...

#.. #.. ... #... . ...
.. #... #[ #.# ...
#...# #.##.# #...
#..$##....#####....
####.#..###...........
........@Ss....#......
......####..#.....#
####. ##.......# #
###....(####
####.........
###............
........<.......
................
##..............


You could see an adder and a giant cockroach.

Vanquished Creatures
  A hobgoblin (D:1)
1 creature vanquished.

Notes
Turn   | Place    | Note
-------+----------+-------------------------------------------
     0 | D:1      | Amnesiac the Spriggan Fighter began the quest for the Orb.
     0 | D:1      | Reached XP level 1. HP: 11/11 MP: 2/2
    50 | D:2      | Slain by an adder

Vault maps used:
D:1:      minmay_arrival_loop
D:2:      st_stairs_1

Action                   || total
-------------------------++-------
Melee: Long sword        ||     7
Dodge: Dodged            ||     8
Block: Buckler           ||     3
       Rpst.: Long sword ||     1

Table legend:
 A = Spawn XP
 B = Non-spawn XP
 C = Spawn XP percentage of total XP
 D = Spawn monster count
 E = Non-spawn monster count
 F = Spawn count percentage of total count
 G = Total turns spent on level
                    A         B        C        D         E        F      G
               +---------+---------+-------+---------+---------+-------+---------
         Total |       0 |       2 |   0.0 |       0 |       1 |   0.0 |    50
               +---------+---------+-------+---------+---------+-------+---------
           D:1 |       0 |       2 |   0.0 |       0 |       1 |   0.0 |    30
               +---------+---------+-------+---------+---------+-------+---------
